 Dungeon Crawl Stone Soup version 0.27.0-1-g7a089689b8 (webtiles) character file.

Game seed: 12256491090560764427

40 MajorAdolf the Skirmisher (level 3, -1/34 HPs)
             Began as a Naga Wanderer on Aug 17, 2021.
             Slain by a kobold (16 damage)
             ... on level 3 of the Dungeon.
             The game lasted 00:02:12 (2698 turns).

MajorAdolf the Skirmisher (Naga Wanderer)           Turns: 2698, Time: 00:02:12

Health: -1/34      AC:  2    Str: 12    XL:     3   Next: 50%
Magic:  5/6        EV:  9    Int: 15    God:
Gold:   105        SH:  0    Dex: 10    Spells: 2/6 levels left

rFire    . . .     SeeInvis +   a - +2 dagger
rCold    . . .     Faith    .   (no shield)
rNeg     . . .     Spirit   .   d - +0 robe
rPois    +         Reflect  .   (no helmet)
rElec    .         Harm     .   (no cloak)
rCorr    .         Rampage  .   (no gloves)
Will     .....                  (no barding)
Stlth    +.........             (no amulet)
HPRegen  0.11/turn              (no ring)
MPRegen  0.10/turn              (no ring)

@: very slow
A: AC +1, large, see invisible, deformed body, poison resistance, slowness 2,
spit poison 1, naga tail 1
a: Spit Poison


You were on level 3 of the Dungeon.
You visited 1 branch of the dungeon, and saw 3 of its levels.

You collected 105 gold pieces.

Inventory:

Hand Weapons
 a - a +2 dagger (weapon)
 c - a +0 mace
Missiles
 b - 2 curare-tipped darts
 f - 9 poisoned darts
 i - 6 atropa-tipped darts
Armour
 d - a +0 robe (worn)
Scrolls
 g - a scroll of brand weapon {unknown}
 j - 2 scrolls of identify {unknown}
 m - a scroll of vulnerability {unknown}
 n - a scroll of noise {unknown}
 o - 3 scrolls of blinking {unknown}
Potions
 e - a potion of magic {unknown}
 h - a potion of curing {unknown}
 k - 2 potions of lignification {unknown}
 l - a potion of heal wounds {unknown}


   Skills:
 - Level 3.0 Fighting
 - Level 1.0 Crossbows
 - Level 1.0 Throwing
 - Level 1.0 Armour
 + Level 2.2 Spellcasting
 + Level 3.0 Summonings
 - Level 1.0 Evocations


You had 2 spell levels left.
You knew the following spells:

 Your Spells              Type           Power      Damage    Failure   Level
a - Summon Small Mammal   Summ           40%        N/A       6%          1
b - Call Canine Familiar  Summ           10%        N/A       19%         3

Your spell library contained the following spells:

 Spells                   Type           Power      Damage    Failure   Level
 Sublimation of Blood     Necr           0%         N/A       32%         2
 Petrify                  Tmut/Erth      1%         N/A       91%         4
 Irradiate                Conj/Tmut      0%         3d13      99%         5


Dungeon Overview and Level Annotations

Branches:
Dungeon (3/15)

Altars:


Innate Abilities, Weirdness & Mutations

Your serpentine skin is tough. (AC +1)
You have supernaturally acute eyesight. (SInv)
Armour fits poorly on your strangely shaped body.
Your system is resistant to poisons. (rPois)
You cover ground very slowly.
You can spit poison.
You have a snake-like lower body.


Message History

You hit the giant cockroach but do no damage.
The giant cockroach is severely wounded.
The giant cockroach bites you.
You barely miss the giant cockroach.
The giant cockroach is severely wounded.
The giant cockroach waves its antennae.
The giant cockroach bites you but does no damage.
You hit the giant cockroach but do no damage.
The giant cockroach is severely wounded.
The giant cockroach bites you.
You hit the giant cockroach but do no damage.
The giant cockroach is severely wounded.
The giant cockroach bites you but does no damage.
You closely miss the giant cockroach.
The giant cockroach is severely wounded.
The giant cockroach bites you but does no damage.
The giant cockroach bites you.
You hit the giant cockroach.
You kill the giant cockroach!
No target in view!
A kobold comes into view.
It is wielding a +1 dagger of electrocution.
A kobold is nearby!
The kobold shouts!
The kobold throws a stone.
The stone barely misses you.
The kobold throws a stone.
The stone hits you but does no damage.
The kobold hits you with a +1 dagger of electrocution.
You are electrocuted!
The kobold hits you but does no damage.
You are too injured to fight recklessly!
You are too injured to fight recklessly!
You are too injured to fight recklessly!
Press: ? - help, Shift-Dir - straight line, f - kobold
Aim: a kobold, wielding a +1 dagger of electrocution and quivering stones The splash of poison misses the kobold.
The kobold hits you but does no damage.
Unknown command.
Casting: Summon Small Mammal (safe; 6% risk of failure)
Confirm with . or Enter, or press ? or * to list all spells.
You have got your breath back.
The kobold hits you with a +1 dagger of electrocution.
You are electrocuted!
You die...

#. ..........#
..
..>.....#.#####
# #.
..####.........
#.#.
#.##..######
#.#.### #.....#
.###.....#
#.....#
.........#
#####.#
.####....###
#.....# #....@.#
#.##### #..r.#K#
#.# #....#.###.#
#....#.....#
.........####
#.###..........#
#. #..........#
. #..........#
#..........#


You could see a kobold (ally target) and a friendly quokka (summoned).

Vanquished Creatures
  An adder (D:2)
  2 ball pythons (D:2)
  3 endoplasms
  3 giant cockroaches
  5 hobgoblins
  3 jackals (D:1)
  2 bats
  A frilled lizard (D:1)
  2 goblins (D:1)
  A kobold (D:1)
  4 rats
27 creatures vanquished.

Vanquished Creatures (collateral kills)
  A jackal (D:1)
1 creature vanquished.

Grand Total: 28 creatures vanquished

Notes
Turn   | Place    | Note
-------+----------+-------------------------------------------
     0 | D:1      | MajorAdolf the Naga Wanderer began the quest for the Orb.
     0 | D:1      | MajorAdolf set off with the following items: a +2 dagger, 2
                  | curare-tipped darts, a +0 mace, a +0 robe; and the
                  | following spell memorised: Summon Small Mammal; and the
                  | following spells available to memorise: Call Canine
                  | Familiar
     0 | D:1      | Reached XP level 1. HP: 21/21 MP: 2/2
   491 | D:1      | Reached XP level 2. HP: 25/28 MP: 4/4
  1748 | D:2      | Reached XP level 3. HP: 25/34 MP: 5/5
  1843 | D:2      | Found a faded altar of an unknown god.
  1843 | D:2      | Noticed an orange demon
  2354 | D:2      | Learned a level 3 spell: Call Canine Familiar
  2698 | D:3      | Slain by a kobold

Illustrated notes

Levels and vault maps discovered:
D:1:      lemuel_arrival_rhombus, layout_basic, minivault_27, dk_noncrumbling_4
D:2:      layout_basic, dreamdust_ecumenical_altar_sealed_demon
D:3:      layout_basic, trog_hazing_becter, kennysheep_generic_room_16,
          uniq_jessica

Skill      XL: |  1  2  3 |
---------------+----------+-----
Spellcasting   | 2 |  2.2
Summonings     | 3 |  3.0
Fighting       | |  3.0
Crossbows      | |  1.0
Throwing       | |  1.0
Armour         | |  1.0
Evocations     | |  1.0

Action                   || total
-------------------------++-------
Melee: Dagger            ||    77
Throw: Dart              ||     1
 Cast: Summon Small Mamm ||     7
 Abil: Spit Poison       ||    15
 Stab: Sleeping          ||     2
Armor: Robe              ||    12
Dodge: Dodged            ||    31
